 Dungeon Crawl Stone Soup version 0.28-a0-674-gdaf460b524 (webtiles) character file.

Game seed: 4550434744511317779

3536 tatocazan the Skirmisher (level 9, -8/72 HPs)
             Began as a Demonspawn Fighter on Oct 17, 2021.
             Was a Believer of Uskayaw.
             Killed by vampiric draining
             ... invoked by a vampire
              (21 damage)
             ... on level 7 of the Dungeon.
             The game lasted 00:09:14 (11297 turns).

tatocazan the Skirmisher (Demonspawn Fighter)      Turns: 11297, Time: 00:09:15

Health: -8/72      AC: 19    Str: 24    XL:     9   Next: 82%
Magic:  11/11      EV:  7    Int: 10    God:    Uskayaw [**....]
Gold:   397        SH: 10    Dex: 15    Spells: 8/8 levels left

rFire   . . .      SeeInvis .   a - +0 war axe
rCold   . . .      Faith    .   c - +0 buckler
rNeg    . . .      Spirit   .   D - +4 plate armour of the Hall of Blades {Str+4 Dex+3}
rPois   .          Reflect  .   p - +0 helmet
rElec   .          Harm     .   (no cloak)
rCorr   .          Rampage  .   q - +0 pair of gloves
Will    .....                   (no boots)
Stlth   ..........              (no amulet)
HPRegen 0.22/turn               (no ring)
MPRegen 0.12/turn               (no ring)

@: no status effects
A: claws 2, large bone plates 1, foul stench 2, spiny 1, bedeviling
a: Renounce Religion, Stomp, Line Pass


You were on level 7 of the Dungeon.
You worshipped Uskayaw.
Uskayaw was noncommittal.
You visited 2 branches of the dungeon, and saw 8 of its levels.

You collected 523 gold pieces.
You spent 126 gold pieces at shops.

Inventory:

Hand Weapons
 a - a +0 war axe (weapon)
 t - a +1 whip of electrocution
Armour
 c - a +0 buckler (worn)
 p - a +0 helmet (worn)
 q - a +0 pair of gloves (worn)
 D - the +4 plate armour of the Hall of Blades (worn) {Str+4 Dex+3}
   (You found it on level 7 of the Dungeon)

   Str:       It affects your strength (+4).
   Dex:       It affects your dexterity (+3).
Jewellery
 g - a ring of see invisible
 A - a ring of resist corrosion
Wands
 d - a wand of iceblast (4)
 s - a wand of flame (73)
Scrolls
 e - a scroll of blinking {unknown}
 f - a scroll of teleportation {unknown}
 i - 7 scrolls of identify {unknown}
 j - a scroll of immolation {unknown}
 k - a scroll of magic mapping {unknown}
 o - a scroll of torment {unknown}
 x - a scroll of enchant armour {unknown}
 y - a scroll of acquirement {unknown}
 C - a scroll of holy word {unknown}
Potions
 b - a potion of magic {unknown}
 h - a potion of haste {unknown}
 l - a potion of brilliance {unknown}
 n - 2 potions of ambrosia {unknown}
 r - a potion of lignification {unknown}
 u - 3 potions of heal wounds {unknown}
 v - 2 potions of attraction {unknown}
 w - a potion of resistance {unknown}
 B - a potion of flight {unknown}


   Skills:
 + Level 7.4 Fighting
 * Level 6.9 Axes
 + Level 6.8 Armour
 + Level 6.8 Shields
 + Level 2.9 Invocations


You had 8 spell levels left.
You didn't know any spells.
Your spell library contained the following spells:

 Spells                   Type           Power      Damage    Failure   Level
 Animate Skeleton         Necr           0%         N/A       99%         1
 Apportation              Tloc           0%         N/A       99%         1
 Summon Small Mammal      Summ           0%         N/A       99%         1


Dungeon Overview and Level Annotations

Branches:
Dungeon (7/15)             Temple (1/1) D:6

Altars:
Ashenzari
Dithmenos
Elyvilon
Fedhas
Gozag
Hepliaklqana
Kikubaaqudgha
Makhleb
Qazlal
Ru
Trog
Uskayaw
Vehumet
Wu Jian
Xom
Yredelemnul
Zin

Shops:
D:3 [   D:4 (!   D:6 :

Annotations:
D:2 1 runed translucent door, Crazy Yiuf


Innate Abilities, Weirdness & Mutations

You have very sharp fingernails.
You are partially covered in large bone plates. (SH +4)
You sometimes emit foul miasma when damaged in melee.
You are partially covered in sharp spines.
Your hexes are more powerful.


Message History

The vampire hits you.
* * * LOW HITPOINT WARNING * * *
You emit a cloud of foul miasma!
You block the vampire's attack.
You take 5 damage, and have 16/72 hp.
You slash the vampire!
The vampire is heavily damaged.
The vampire is struck by your spines.
The vampire hits you but does no damage.
The vampire bites you but does no damage.
You slash the vampire!
The vampire is severely damaged.
You block the vampire's attack.
The vampire bites you but does no damage.
You hit the vampire.
The vampire is severely damaged.
The vampire draws life force from you!
* * * LOW HITPOINT WARNING * * *
The vampire is healed by the life force!
You take 11 damage, and have 5/72 hp.
You hit the vampire.
The vampire is severely damaged.
The vampire is struck by your spines. The vampire closely misses you.
You block the vampire's attack.
You can now pass through a line of other dancers.
You hit the vampire.
The vampire is almost destroyed.
The vampire hits you.
* * * LOW HITPOINT WARNING * * *
You emit a cloud of foul miasma!
The vampire bites you but does no damage.
You take 4 damage, and have 2/72 hp.
You hit the vampire.
The vampire is almost destroyed.
The vampire casts a spell at you. You resist with some effort.
The vampire gestures wildly while chanting.
The vampire flickers and vanishes!
Deactivating autopickup; reactivate with Ctrl-A.
You feel better. Something draws life force from you!!
You die...

#..........#.....#
#..........#.....#
############.....#
##....# +....#
#....#
#######....#
#......{...#
#......@...#
+......#####
#.....[ #.(....
#...... #......
#...... #....##


There were no monsters in sight!

Vanquished Creatures
  Pikel (D:6)
  6 yaks (D:5)
  A steam dragon (D:6)
  A water moccasin (D:6)
  2 sky beasts (D:6)
  4 ogres
  A centaur (D:6)
  A phantom (D:5)
  2 bullfrogs (D:6)
  3 scorpions
  A water moccasin zombie (D:5)
  A jelly (D:3)
  7 orc priests
  A centaur skeleton (D:6)
  2 hounds (D:5)
  2 scorpion zombies (D:5)
  2 orc wizards (D:5)
  Ijyb (D:5)
  5 iguanas
  A killer bee zombie (D:7)
  Robin (D:2)
  11 gnolls
  4 adders
  2 shadow imps
  A white imp (D:6)
  2 worms
  3 dart slugs
  21 orcs
  7 bats
  4 bat zombies (D:3)
  13 endoplasms
  5 giant cockroaches
  38 goblins
  32 hobgoblins
  8 jackals
  12 kobolds
  6 quokkas
  7 ball pythons
  4 frilled lizards
  6 rats
232 creatures vanquished.

Notes
Turn   | Place    | Note
-------+----------+-------------------------------------------
     0 | D:1      | tatocazan the Demonspawn Fighter began the quest for the
                  | Orb.
     0 | D:1      | Reached XP level 1. HP: 18/18 MP: 1/1
    48 | D:1      | Gained mutation: You may rarely emit foul miasma when
                  | damaged in melee. [demonic ancestry]
    48 | D:1      | Reached XP level 2. HP: 13/24 MP: 2/2
  1067 | D:1      | Gained mutation: You have sharp fingernails. [demonic
                  | ancestry]
  1067 | D:1      | Reached XP level 3. HP: 22/29 MP: 3/3
  1620 | D:2      | Found a shadowy altar of Dithmenos.
  1773 | D:2      | Identified the +5 helmet "Darux" {+Blink Str+3}
  1773 | D:2      | Noticed Robin
  1784 | D:2      | Killed Robin
  1785 | D:2      | Gained mutation: You sometimes emit foul miasma when
                  | damaged in melee. [demonic ancestry]
  1785 | D:2      | Reached XP level 4. HP: 11/35 MP: 4/4
  1785 | D:2      | HP: 1/35 [hobgoblin[Robin] (6)]
  2497 | D:2      | Found a runed translucent door.
  2498 | D:2      | Noticed Crazy Yiuf
  2888 | D:3      | Reached XP level 5. HP: 34/42 MP: 5/5
  3211 | D:3      | Found a shadowy altar of Dithmenos.
  3284 | D:3      | Found an ancient bone altar of Kikubaaqudgha.
  3438 | D:3      | Reached skill level 4 in Fighting
  3493 | D:3      | Found Fausm's Armour Shop.
  3496 | D:3      | Bought a +0 helmet for 63 gold pieces
  3496 | D:3      | Bought a +0 pair of gloves for 63 gold pieces
  3943 | D:3      | HP: 1/42 [gnoll (8)]
  3983 | D:3      | HP: 2/42 [gnoll (4)]
  4427 | D:4      | Found Unaciwuss's Distillery.
  4442 | D:4      | Gained mutation: You have very sharp fingernails. [demonic
                  | ancestry]
  4442 | D:4      | Reached XP level 6. HP: 45/48 MP: 6/6
  4755 | D:4      | Found Piwniryx's Antique Weapon Emporium.
  6458 | D:5      | Entered Level 5 of the Dungeon
  6491 | D:5      | Found a radiant altar of Vehumet.
  6552 | D:5      | Gained mutation: You are partially covered in large bone
                  | plates. (SH +4) [demonic ancestry]
  6552 | D:5      | Reached XP level 7. HP: 30/55 MP: 7/7
  6999 | D:5      | Reached skill level 5 in Fighting
  7069 | D:5      | Noticed a yak
  7069 | D:5      | Noticed a yak
  7069 | D:5      | Noticed a yak
  7069 | D:5      | Noticed a yak
  7069 | D:5      | Noticed a yak
  7090 | D:5      | Noticed a yak
  7091 | D:5      | Killed a yak
  7093 | D:5      | Killed a yak
  7094 | D:5      | Reached skill level 5 in Armour
  7094 | D:5      | Gained mutation: You are partially covered in sharp spines.
                  | [demonic ancestry]
  7094 | D:5      | Reached XP level 8. HP: 48/63 MP: 8/8
  7101 | D:5      | Reached skill level 5 in Shields
  7109 | D:5      | Reached skill level 6 in Fighting
  7109 | D:5      | Reached skill level 5 in Axes
  7873 | D:5      | Found a broken altar of Ashenzari.
  8009 | D:5      | Noticed Ijyb
  8017 | D:5      | Killed Ijyb
  8021 | D:5      | Gained mutation: Your hexes are more powerful. [demonic
                  | ancestry]
  8021 | D:5      | Reached XP level 9. HP: 25/71 MP: 9/9
  9026 | D:6      | Found a staircase to the Ecumenical Temple.
  9043 | D:6      | Reached skill level 7 in Fighting
  9115 | D:6      | Found Plog's Book Shoppe.
  9144 | Temple   | Entered the Ecumenical Temple
  9158 | Temple   | Became a worshipper of Uskayaw the Reveller
  9301 | D:6      | Reached * piety under Uskayaw
  9302 | D:6      | Reached ** piety under Uskayaw
  9305 | D:6      | Reached skill level 1 in Invocations
  9305 | D:6      | Reached *** piety under Uskayaw
  9310 | D:6      | Reached **** piety under Uskayaw
  9834 | D:6      | Noticed Pikel
  9846 | D:6      | Killed Pikel
 10789 | D:7      | Identified the +4 plate armour of the Hall of Blades {Str+4
                  | Dex+3}
 11295 | D:7      | HP: 2/72 [vampire (4)]
 11297 | D:7      | Killed from afar by a vampire

Illustrated notes

Levels and vault maps discovered:
D:1:      dpeg_arrival_leaves_temple_mockup, layout_basic
D:2:      layout_rooms, basic_altar, minmay_misc_feat_diagonals, st_stairs_9,
          amcnicky_mini_rare_corridor_liquid, uniq_crazy_yiuf_cottage,
          uniq_robin
D:3:      minmay_goblin_kobold_castle, layout_loops_ring,
          lemuel_zombie_altar_kikubaaqudgha, grunt_dithmenos_smoke,
          serial_shops, nicolae_shop_window_shopping
D:4:      layout_basic, serial_shops, nicolae_shop_behind_doors,
          wad_floor_pattern_2, nicolae_take_the_stairs, minmay_crossroads
D:5:      layout_loops_ring, vehumet_crystals, mainiacjoe_overflow_big_doors,
          kennysheep_dice, uniq_ijyb
D:6:      layout_basic, minmay_temple_entry_statues_fountains, serial_shops,
          nicolae_shop_behind_doors, uniq_pikel
D:7:      layout_gridville, serial_shops, shop
Temple:   cyrus_circular_temple

Skill      XL: |  1  2  3  4  5  6  7  8  9 |
---------------+----------------------------+-----
Axes           | 2 3 4 5 6 |  6.9
Shields        | 3 4 5 6 |  6.8
Armour         | 3 4 5 6 |  6.8
Fighting       | 4 5 6 7 |  7.4
Invocations    | 2 |  2.9

Action                   |  1- 3 |  4- 6 |  7- 9 || total
-------------------------+-------+-------+-------++-------
Melee: War axe           |   101 |   275 |   214 ||   590
Evoke: Wand              |       |       |     5 ||     5
  Use: Potion            |       |       |     2 ||     2
 Stab: Paralysed         |       |       |     5 ||     5
Armor: Scale mail        |    48 |     5 |       ||    53
       Chain mail        |       |   199 |    70 ||   269
       Plate armour      |       |       |    38 ||    38
Dodge: Dodged            |    56 |   112 |    55 ||   223
Block: Buckler           |    34 |    92 |   100 ||   226

Table legend: (Time is in decaauts)
 A = Elapsed time spent in this place.
 B = Non-inter-level travel time spent in this place.
 C = Inter-level travel time spent in this place.
 D = Time resting spent in this place.
 E = Time spent auto-exploring this place.
 F = Levels seen in this place.
 G = Mean time per level.
                   A        B        C        D        E       F      G
               +--------+--------+--------+--------+--------+-----+--------+
         Total |  11491 |  11227 |    264 |   3476 |   6295 |   8 | 1436.4 |
       Dungeon |  11466 |  11212 |    254 |   3476 |   6292 |   7 | 1638.0 |
        Temple |     25 |     15 |     10 |      0 |      3 |   1 |   25.0 |
               +--------+--------+--------+--------+--------+-----+--------+

Top non-repeatable levels by time:
     D:6: 2251 daAuts
     D:3: 2051 daAuts
     D:5: 2014 daAuts
     D:1: 1870 daAuts
     D:4: 1624 daAuts
     D:2: 1057 daAuts
     D:7: 597 daAuts
  Temple: 25 daAuts
